Map: Habitation Station LE (Void)

Players

Respite - Winner!

  • Race: Terran Terran
  • League: Silver
  • Spawn Location: 1:00

Fropez

  • Race: Protoss Protoss
  • League: Gold
  • Spawn Location: 11:00

VOD

Have the link to the VOD?

Description

Time

  • Played on: Nov. 29, 2016, 2:42 p.m.
  • Length: 21:09
Show
View Real Time Build Order
Export as new Build Order

Respite Terran - Winner!

Build Orders:  

Get SALT Encoding   

  12  0:01  SCV  
  13  0:13  SCV  
  14  0:18  Supply Depot  
  14  0:25  SCV  
  15  0:40  SCV  
  15  0:42  Barracks  
  16  0:52  SCV  
  16  0:55  Supply Depot  
  17  0:58  Refinery  
  18  1:04  SCV  
  18  1:23  SCV  
  19  1:30  Marine  
  20  1:35  SCV  
  20  1:36  Refinery  
  21  1:47  Marine, SCV  
  23  2:09  Marine, SCV  
  23  2:15  Command Center  
  25  2:28  Orbital Command  
  25  2:30  Factory  
  25  2:47  Bunker  
  25  3:03  SCV  
  26  3:12  Engineering Bay  
  26  3:15  SCV  
  26  3:17  Starport  
  27  3:24  Marine  
  27  3:27  SCV  
  27  3:31  Orbital Command  
  28  3:37  Widow Mine  
  28  3:39  SCV  
  31  3:56  SCV x2  
  31  4:00  Starport Tech Lab  
  33  4:04  Marine  
  33  4:07  Missile Turret  
  33  4:27  SCV x2  
  33  4:29  Factory Tech Lab  
  35  4:32  Hyperflight Rotors  
  35  4:39  SCV x2  
  35  4:40  Barracks Reactor  
  35  4:41  Missile Turret  
  35  4:44  Missile Turret  
  37  4:47  Banshee  
  37  4:51  SCV x2  
  42  5:03  SCV x2  
  42  5:05  Supply Depot  
  44  5:13  Hellion  
  46  5:27  SCV x2  
  46  5:28  Missile Turret  
  48  5:34  Siege Tank  
  51  5:39  SCV x2  
  52  5:43  Factory  
  52  5:45  Starport  
  52  5:46  Marine x2  
  54  5:53  Bunker  
  54  5:54  Refinery  
  54  5:56  Refinery  
  54  6:00  Supply Depot  
  54  6:01  Armory  
  54  6:22  SCV x2  
  56  6:33  Cloaking Field  
  56  6:34  SCV x2  
  58  6:45  Widow Mine  
  58  6:46  SCV x2  
  58  6:47  Missile Turret  
  62  6:59  Armory  
  62  7:01  Supply Depot, Terran Vehicle And Ship Armor Level 1  
  62  7:12  Starport Tech Lab  
  62  7:15  Factory Reactor  
  62  7:16  Command Center x2  
  62  7:23  SCV x2, Missile Turret  
  64  7:35  SCV  
  64  7:44  Missile Turret  
  64  7:49  Banshee  
  64  7:50  Banshee  
  70  8:02  Hi-Sec Auto Tracking  
  70  8:23  Supply Depot  
  70  8:24  Supply Depot  
  70  8:27  Siege Tank  
  70  8:28  Terran Ship Weapons Level 1, Hellion x2  
  77  8:37  Planetary Fortress  
  77  8:41  SCV x2  
  79  8:48  Missile Turret  
  79  8:49  Hellion x2  
  79  8:51  Liberator x2  
  79  8:52  Missile Turret  
  79  8:53  SCV x2  
  82  9:05  Siege Tank, SCV x2  
  93  9:10  Missile Turret  
  93  9:11  Hellion x2  
  95  9:17  SCV x2  
  95  9:21  Missile Turret  
  95  9:28  SCV  
  95  9:30  Planetary Fortress  
  96  9:31  Missile Turret  
  95  9:39  Hellion x2, Factory x2  
  95  9:40  SCV  
  100  9:52  SCV  
  101  9:55  Refinery  
  101  9:57  Refinery  
  101  10:00  Hellion x2  
  101  10:04  SCV  
  101  10:06  SCV  
  106  10:16  SCV  
  106  10:18  SCV  
  108  10:21  Hellion  
  108  10:22  Hellion  
  110  10:28  SCV  
  110  10:31  SCV  
  112  10:40  SCV  
  112  10:42  Missile Turret  
  115  10:43  SCV, Hellion  
  115  10:45  Missile Turret  
  115  10:46  Supply Depot  
  115  10:48  Supply Depot  
  115  10:49  Terran Vehicle And Ship Armor Level 2  
  116  10:50  Terran Ship Weapons Level 2  
  116  10:52  Building Armor  
  116  10:54  SCV  
  116  10:55  SCV  
  116  10:57  Fusion Core  
  116  11:02  Missile Turret  
  116  11:08  SCV x2, Hellion  
  116  11:10  Supply Depot  
  120  11:13  Supply Depot  
  120  11:15  Refinery  
  120  11:16  Refinery  
  120  11:18  Factory Tech Lab x2  
  120  11:20  SCV  
  120  11:24  SCV  
  122  11:32  SCV  
  123  11:36  SCV  
  124  11:44  SCV  
  125  11:49  SCV  
  126  11:56  SCV  
  126  12:01  SCV  
  122  12:25  Infernal Pre-Igniter  
  122  12:27  Drilling Claws  
  113  12:30  Weapon Refit  
  113  12:32  Battlecruiser  
  113  12:33  Siege Tank x2, Battlecruiser  
  113  12:35  Hellion  
  113  12:36  Hellion  
  132  12:42  Supply Depot  
  132  12:43  SCV, Supply Depot  
  133  12:52  Command Center  
  133  12:57  Hellion x2  
  137  13:05  Supply Depot  
  137  13:06  Supply Depot  
  133  13:18  Hellion x2  
  131  13:21  SCV  
  131  13:30  Supply Depot  
  131  13:33  SCV, Supply Depot  
  132  13:34  Command Center  
  132  13:36  Siege Tank  
  139  13:45  SCV  
  136  13:54  Factory Reactor  
  136  13:57  SCV  
  131  14:05  Factory Tech Lab  
  131  14:09  Orbital Command  
  132  14:10  SCV  
  132  14:12  Missile Turret  
  132  14:16  Thor x2  
  144  14:19  Marine x2  
  142  14:54  Battlecruiser x2  
  142  14:57  Hellion  
  142  14:58  Hellion  
  154  15:10  Starport  
  154  15:11  Starport  
  154  15:19  Hellion x2  
  158  15:35  Planetary Fortress  
  158  15:38  SCV x3  
  158  15:40  Hellion x2  
  165  15:43  Thor x2  
  165  15:49  Missile Turret  
  177  15:50  Starport Reactor, Starport Tech Lab  
  177  15:51  Missile Turret  
  177  15:53  Missile Turret  
  177  15:55  Missile Turret x2  
  177  15:57  Supply Depot  
  177  15:58  Battlecruiser x2  
  177  15:59  Supply Depot  
  177  16:00  Siege Tank  
  177  16:01  Hellion  
  177  16:02  Hellion  
  196  16:06  Refinery  
  196  16:08  Refinery  
  196  16:23  Hellion x2  
  196  17:22  Thor  
  198  17:24  Battlecruiser  
  198  17:25  Viking  
  170  17:51  Siege Tank  
  170  17:52  Siege Tank  
  170  17:54  Viking, Battlecruiser x2  
  170  17:55  Viking  
  170  17:56  Hellion x2  
  196  18:05  Siege Tank  
  187  18:06  Hellion x7  
  185  18:17  Hellion x2  
  187  18:24  Siege Tank x2  
  193  18:28  Battlecruiser  
  197  18:37  Hellion  
  193  18:46  SCV  
  194  18:56  Hellion x2  
  194  18:58  SCV  
  194  18:59  Command Center  
  194  19:00  Command Center  
  199  19:10  SCV  
Show
View Real Time Build Order
Export as new Build Order

Fropez Protoss 

Build Orders: Blink Stalkers 

Get SALT Encoding   

  12  0:00  Probe (Chrono Boost)  
  13  0:11  Probe (Chrono Boost)  
  14  0:20  Pylon  
  14  0:22  Probe (Chrono Boost)  
  15  0:31  Assimilator  
  15  0:40  Gateway  
  15  0:44  Probe (Chrono Boost)  
  16  0:54  Probe (Chrono Boost)  
  17  1:05  Probe (Chrono Boost)  
  17  1:10  Gateway  
  18  1:15  Probe (Chrono Boost), Assimilator  
  19  1:26  Probe (Chrono Boost)  
  20  1:36  Probe (Chrono Boost)  
  21  1:50  Nexus  
  21  1:56  Probe (Chrono Boost)  
  22  2:04  Pylon  
  22  2:13  Cybernetics Core  
  22  2:15  Probe (Chrono Boost)  
  23  2:25  Probe (Chrono Boost)  
  24  2:36  Probe (Chrono Boost)  
  24  2:48  Warp Gate  
  24  2:51  Twilight Council  
  24  2:57  Mothership Core (Chrono Boost)  
  26  3:01  Adept  
  26  3:02  Adept  
  26  3:03  Probe (Chrono Boost)  
  31  3:17  Probe x2 (Chrono Boost)  
  33  3:26  Pylon  
  33  3:27  Probe (Chrono Boost)  
  33  3:28  Probe (Chrono Boost)  
  33  3:33  Blink (Chrono Boost)  
  35  3:40  Probe  
  35  3:41  Probe  
  37  3:47  Gateway  
  37  3:52  Probe  
  37  3:53  Stalker  
  40  3:59  Stalker  
  40  4:01  Probe  
  43  4:05  Probe  
  40  4:25  Probe  
  40  4:26  Probe, Robotics Facility  
  40  4:29  Pylon  
  42  4:34  Pylon  
  42  4:38  Probe  
  43  4:46  Pylon, Probe  
  43  4:48  Assimilator  
  43  4:49  Pylon  
  43  4:51  Probe  
  45  5:02  Stalker x3  
  51  5:07  Probe x2  
  51  5:08  Forge  
  53  5:16  Observer  
  53  5:17  Pylon  
  53  5:19  Probe  
  55  5:26  Assimilator, Stalker  
  55  5:27  Stalker x2  
  61  5:37  Warp Prism  
  61  5:38  Probe  
  64  5:43  Photon Cannon  
  64  5:48  Probe  
  65  5:52  Protoss Ground Weapons Level 1  
  65  6:18  Nexus  
  63  6:45  Stalker x3  
  69  7:12  Observer  
  69  7:13  Adept x2  
  69  7:14  Adept  
  76  7:22  Pylon  
  76  7:25  Pylon  
  76  7:29  Pylon  
  76  7:31  Pylon  
  76  7:41  Zealot x3  
  82  7:45  Pylon  
  82  7:56  Photon Cannon  
  82  8:00  Photon Cannon  
  82  8:04  Probe x2  
  83  8:14  Stalker x3  
  83  8:19  Protoss Ground Weapons Level 2 (Chrono Boost)  
  89  8:24  Photon Cannon  
  87  8:31  Robotics Bay  
  87  8:34  Gateway x2  
  85  8:35  Gateway  
  85  8:39  Gateway  
  85  8:41  Gateway  
  85  8:42  Gateway  
  85  8:44  Gateway  
  83  8:54  Pylon, Stalker x2  
  83  8:55  Stalker  
  87  8:56  Probe x2  
  87  8:57  Probe  
  87  8:58  Assimilator  
  87  9:00  Assimilator  
  84  9:30  Stalker x2  
  84  9:31  Stalker  
  90  9:35  Extended Thermal Lance (Chrono Boost)  
  90  9:41  Colossus  
  96  9:54  Pylon, Robotics Facility  
  96  9:59  Probe  
  96  10:00  Probe x2, Photon Cannon  
  99  10:11  Nexus  
  97  10:14  Assimilator  
  97  10:17  Charge (Chrono Boost)  
  97  10:18  Assimilator  
  97  10:21  Pylon  
  95  10:22  Zealot x2  
  95  10:23  Zealot x5  
  95  10:24  Zealot x3  
  95  10:25  Pylon  
  95  10:28  Pylon  
  115  10:32  Pylon  
  115  10:41  Pylon  
  115  10:44  Pylon  
  115  10:50  Probe  
  115  10:51  Probe  
  115  10:52  Probe  
  118  10:57  Protoss Ground Weapons Level 3  
  118  11:04  Zealot x4  
  118  11:05  Zealot x2  
  118  11:06  Zealot x2  
  134  11:13  Colossus  
  134  11:14  Colossus  
  136  11:41  Stalker x3  
  136  11:42  Stalker x3  
  144  11:53  Photon Cannon  
  142  11:57  Photon Cannon  
  142  12:08  Observer x2  
  142  12:09  Zealot x4  
  142  12:10  Zealot x3  
  142  12:11  Zealot  
  151  12:17  Probe  
  151  12:18  Probe  
  151  12:19  Probe  
  154  12:29  Observer  
  155  12:31  Nexus, Probe  
  155  12:35  Probe  
  155  12:37  Probe  
  158  12:43  Probe  
  159  12:46  Probe  
  159  12:49  Probe  
  161  12:55  Probe  
  148  13:20  Protoss Ground Armor Level 1  
  136  13:27  Probe x2  
  136  13:29  Probe x2  
  140  13:36  Pylon  
  140  13:37  Probe  
  140  13:40  Pylon  
  141  13:43  Assimilator  
  141  13:44  Stalker x5  
  141  13:45  Stalker x4  
  159  13:48  Assimilator  
  159  13:53  Pylon  
  159  13:55  Pylon  
  159  13:59  Observer  
  146  14:05  Probe x2  
  146  14:06  Probe  
  146  14:07  Probe  
  150  14:14  Probe  
  150  14:15  Probe  
  150  14:16  Probe, Templar Archives  
  152  14:25  Zealot x2  
  152  14:26  Zealot x3  
  152  14:27  Zealot x2  
  162  14:33  Photon Cannon  
  162  14:36  Photon Cannon  
  151  14:38  Photon Cannon  
  151  14:39  Zealot x3  
  151  14:44  Photon Cannon  
  144  14:47  Photon Cannon  
  144  14:51  Photon Cannon  
  144  14:52  Probe, Psionic Storm  
  143  14:53  Probe  
  143  14:54  Probe x2  
  143  14:57  High Templar  
  143  14:58  High Templar x6  
  161  15:00  High Templar  
  161  15:01  High Templar x2  
  167  15:21  Warp Prism  
  169  15:35  Stalker x4  
  173  15:36  Stalker x4  
  173  15:37  Stalker  
  173  15:38  Protoss Shields Level 1 (Chrono Boost)  
  187  15:44  Forge  
  187  16:13  Immortal x2  
  187  16:15  Nexus  
  195  16:20  High Templar x2  
  195  16:24  Protoss Ground Armor Level 2 (Chrono Boost)  
  199  16:26  Probe  
  177  17:26  Stalker x2  
  177  17:27  Stalker x3  
  177  17:28  Stalker x5  
  191  17:37  Photon Cannon  
  191  17:40  Pylon  
  191  17:42  Pylon  
  127  17:51  Zealot  
  127  17:52  Zealot x6  
  127  17:53  Zealot x3  
  124  18:14  High Templar x7  
  124  18:15  High Templar x3  
  124  18:18  Archon x3  
  124  18:19  Archon  
  138  18:31  Archon  
  138  18:47  Photon Cannon  
  138  18:49  High Templar  
  138  18:50  High Templar  
  138  18:51  High Templar x2  
  138  18:52  High Templar x2  
  138  18:54  High Templar x2  
  138  18:55  High Templar x2  
  147  19:06  Probe x3  
  148  19:14  Archon  
  148  19:15  Archon  
  148  19:19  Probe x2  
  147  19:27  Zealot x4  
  147  19:28  Zealot x6  
  129  20:21  High Templar  
  129  20:22  High Templar x4  
  129  20:23  High Templar x3  
Tags
 
Add a new tag
Caveats
  • Supply blocks, unpowered buildings, or Contaminate may cause inaccurate times.
  • Supply counts are checked every 10 seconds.